 Dungeon Crawl Stone Soup version 0.20-a0-548-g4f8a798 (webtiles) character file.

222 Amnesiac the Twirler (level 5, -2/38 HPs)
             Began as a Mummy Gladiator on Feb 1, 2017.
             Slain by Grinder (7 damage)
             ... while paralysed by Grinder
             ... on level 4 of the Dungeon.
             The game lasted 00:02:36 (1380 turns).

Amnesiac the Twirler (Mummy Gladiator)              Turns: 1380, Time: 00:02:37

Health: -2/38      AC:  6    Str: 17    XL:     5   Next: 66%
Magic:  5/5        EV:  2    Int:  7    God:
Gold:   53         SH:  0    Dex: 15    Spells: 4/4 levels left

rFire    x . .     SeeInvis .   a - +0 quarterstaff
rCold    + . .     Gourm    .   b - +0 leather armour
rNeg     + + +     Faith    .   (shield currently unavailable)
rPois    ∞         Spirit   .   i - +1 helmet
rElec    .         Reflect  .   e - +0 cloak
rCorr    .         Harm     .   (no gloves)
MR       .....                  (no boots)
Stlth    +.........             (no amulet)
Regen    0.2/turn               (no ring)
                                (no ring)

@: paralysed
A: no food or potions, fire vulnerability, cold resistance 1, negative energy
resistance 3, torment resistance, unbreathing
a: no special abilities


You were on level 4 of the Dungeon.
You were not hungry.

You visited 1 branch of the dungeon, and saw 5 of its levels.

You collected 53 gold pieces.

Inventory:

Hand Weapons
 a - a +0 quarterstaff (weapon)
 g - a +0 blowgun
Missiles
 d - 3 throwing nets (quivered)
Armour
 b - a +0 leather armour (worn)
 e - a +0 cloak (worn)
 i - a +1 helmet (worn)
Scrolls
 c - a scroll of blinking {unknown}
 f - 2 scrolls of enchant armour {unknown}
 h - a scroll of identify {unknown}


   Skills:
 - Level 2.0 Fighting
 + Level 5.3 Staves
 - Level 1.5 Throwing
 - Level 2.4 Dodging


You had 4 spell levels left.
You didn't know any spells.

Dungeon Overview and Level Annotations

Branches:
Dungeon (5/15)
 Temple: D:4-7

Altars:

Annotations:
D:4 exclusion: upstairs, Grinder
D:5 Pikel


Innate Abilities, Weirdness & Mutations

You do not eat or drink.
Your flesh is vulnerable to fire.
You are immune to poison.
Your flesh is cold resistant. (rC+)
You are immune to negative energy. (rN+++)
You are immune to unholy pain and torment.
You can survive without breathing.


Message History

You thump Grinder!
Grinder is lightly wounded.
Grinder closely misses you.
You sock Grinder!
Grinder is heavily wounded.
Grinder hits you.
You barely miss Grinder.
Grinder is heavily wounded.
Grinder hits you.
You sock Grinder!
Grinder is severely wounded.
Grinder gestures at you.
You suddenly lose the ability to move!
Grinder hits you. Grinder hits you! Grinder hits you but does no damage.
Grinder hits you!
* * * LOW HITPOINT WARNING * * *
Grinder hits you!
You die...

.............).!...>....
###...........<####.#####
...............####.#....
#.#........)5.....#.#....
........#####)#.#.#'#....
#..##.#.#####.#......####
#.....)...#......#
...#....5...........#
#.....@<...........#
#...#.#########......#
#.#... #......# # #...
#......# #... #........
### #......#. ..#####


You could see Grinder.

Vanquished Creatures
  Menkaure (D:4)
  A slave (D:4)
  An orc priest (D:4)
  A worker ant (D:4)
  Robin (D:3)
  A worm (D:3)
  A dart slug (D:1)
  A leopard gecko (D:2)
  4 orcs
  2 giant cockroaches
  8 goblins
  2 frilled lizards (D:2)
  3 kobolds
  2 rats
29 creatures vanquished.

Notes
Turn   | Place    | Note
-------+----------+-------------------------------------------
     0 | D:1      | Amnesiac the Mummy Gladiator began the quest for the Orb.
     0 | D:1      | Reached XP level 1. HP: 16/16 MP: 1/1
   175 | D:2      | Reached XP level 2. HP: 22/22 MP: 2/2
   192 | D:2      | Reached skill level 3 in Staves
   268 | D:3      | Noticed Robin
   429 | D:3      | Killed Robin
   429 | D:3      | Reached XP level 3. HP: 12/27 MP: 3/3
   605 | D:4      | Noticed Menkaure
   616 | D:4      | Killed Menkaure
   616 | D:4      | Reached skill level 4 in Staves
   616 | D:4      | Reached XP level 4. HP: 5/33 MP: 4/4
   616 | D:4      | Reached XP level 5. HP: 6/38 MP: 5/5
   891 | D:5      | Entered Level 5 of the Dungeon
   891 | D:5      | Noticed Pikel
   891 | D:5      | Noticed a slave
   891 | D:5      | Noticed a slave
   891 | D:5      | Noticed a slave
   891 | D:5      | Noticed a slave
   918 | D:4      | Reached skill level 5 in Staves
  1015 | D:4      | Killed a slave
  1159 | D:4      | Noticed Grinder
  1375 | D:4      | Paralysed by Grinder for 7 turns
  1380 | D:4      | Slain by Grinder

Vault maps used:
D:1:      lemuel_arrival_broad_hall, hangedman_feature_mirror
D:2:      kennysheep_cross_room, uniq_crazy_yiuf_cottage
D:3:      roderic_three_in_a_row, uniq_robin
D:4:      nicolae_overflow_crystal_walls, lexackson_kobold_supper, uniq_grinder,
          uniq_duvessa, uniq_menkaure
D:5:      nicolae_overflow_hidden_temple, first_bread, uniq_pikel, uniq_sigmund

Skill      XL: |  1  2  3  4  5 |
---------------+----------------+-----
Staves         | 3 4 5 |  5.3
Fighting       | |  2.0
Throwing       | |  1.5
Dodging        | |  2.4

Action                   |  1- 3 |  4- 6 || total
-------------------------+-------+-------++-------
Melee: Quarterstaff      |    76 |    41 ||   117
 Stab: Sleeping          |     1 |       ||     1
Armor: Leather armour    |    18 |     5 ||    23
Dodge: Dodged            |    47 |    18 ||    65
